 Dungeon Crawl Stone Soup version 0.31-a0-842-gdad65c7 (webtiles) character file.

Game seed: 8205714961484367918

13921 PurpleRed the Grappler (level 12, 0/79 HPs)
             Began as a Kobold Shapeshifter on Sept 27, 2023.
             Was a High Priest of Okawaru.
             Slain by a culicivora (glowing shapeshifter) (16 damage)
             ... on level 11 of the Dungeon.
             The game lasted 00:39:42 (12036 turns).

PurpleRed the Grappler (Kobold Shapeshifter)       Turns: 12036, Time: 00:39:43

Health: 0/79       AC: 16    Str: 17    XL:     12   Next: 38%
Magic:  17/17      EV: 15    Int: 11    God:    Okawaru [*****.]
Gold:   10         SH:  0    Dex: 12    Spells: 11/11 levels left

rFire   . .          .
                       - Unarmed
rCold   + . .        (shield currently unavailable)
rNeg    . . .        V - +5 ring mail "Umyd" {rElec rPois Dex-2}
rPois   +            k - +1 hat
rElec   +            n - +2 cloak
rCorr   .            W - +0 pair of gloves
SInv    .            G - +0 pair of boots {rampage}
Will    .....        X - amulet of regeneration
Stlth   +            M - ring of protection from cold
HPRegen 1.13/turn    C - ring of flight
MPRegen 0.15/turn

%: rampage
@: flux-form, flying, glowing
A: glow, contaminating, small, no large weapons, nightstalker 3
a: Begin Untransformation, Renounce Religion, Heroism, Finesse, Duel


You were on level 11 of the Dungeon.
You worshipped Okawaru.
Okawaru was extremely pleased with you.
You were something dangerously unstable.
You visited 2 branches of the dungeon, and saw 12 of its levels.
You also visited: Bailey.

You collected 753 gold pieces.
You spent 743 gold pieces at shops.

Inventory:

Hand Weapons
 H - the +6 Majin-Bo {spellvamp, MP+6 Int+6}
   (You found it on level 5 of the Dungeon)

   Int+6:     It affects your intelligence (+6).
   MP+6:      It affects your magic capacity (+6).
 R - a +2 antimagic war axe
Missiles
 l - 33 poisoned darts (quivered)
 K - 7 curare-tipped darts
Armour
 e - a +3 leather armour of fire resistance
 k - a +1 hat (worn)
 n - a +2 cloak (worn)
 x - the +0 ring mail of Ripaobe {+Inv rElec}
   (You found it on level 5 of the Dungeon)

   rElec:     It insulates you from electricity.
   +Inv:      It lets you turn invisible.
 G - a +0 pair of boots of rampaging (worn)
 Q - +1 ice dragon scales
 V - the +5 ring mail "Umyd" (worn) {rElec rPois Dex-2}
   (You bought it in a shop on level 8 of the Dungeon)

   Dex-2:     It affects your dexterity (-2).
   rElec:     It insulates you from electricity.
   rPois:     It protects you from poison
 W - a +0 pair of gloves (worn)
Jewellery
 u - an amulet of faith
 B - an amulet of reflection
 C - a ring of flight (right hand)
 F - a +6 ring of intelligence
 I - a ring of positive energy
 M - a ring of protection from cold (left hand)
 X - an amulet of regeneration (around neck)
Talismans
 c - a beast talisman
 d - a flux talisman (active)
Wands
 r - a wand of digging (15)
 y - a wand of iceblast (12)
 D - a wand of mindburst (47)
 J - a wand of paralysis (8)
 O - a wand of light (9)
 U - a wand of flame (3)
Scrolls
 a - a scroll of torment
 f - a scroll of vulnerability
 h - 2 scrolls of teleportation
 q - 6 scrolls of fear
 T - a scroll of amnesia
Potions
 b - a potion of lignification
 g - a potion of might
 i - 2 potions of heal wounds
 j - 2 potions of curing
 m - 2 potions of invisibility
 o - 2 potions of berserk rage
 t - 2 potions of enlightenment
 w - 2 potions of cancellation
 z - 2 potions of resistance {unknown}
 A - 4 potions of mutation
 L - 2 potions of haste {unknown}
 N - a potion of brilliance {unknown}
Miscellaneous
 S - a tin of tremorstones (2/2)


   Skills:
 + Level 10.7 Fighting
 + Level 5.9 Dodging
 * Level 12.7 Unarmed Combat
 - Level 7.0 Invocations
 - Level 8.0 Shapeshifting


You had 11 spell levels left.
You didn't know any spells.
Your spell library contained the following spells:

 Spells                   Type           Power      Damage    Failure   Level
 Wereblood                Tmut           0%         N/A       69%         2
 Hailstorm                Conj/Ice       0%         3d3       89%         3
 Anguish                  Hex/Necr       0%         N/A       100%        4
 Cause Fear               Hex            0%         N/A       100%        4
 Passage of Golubria      Tloc           0%         N/A       100%        4
 Irradiate                Conj/Tmut      0%         3d11      100%        5
 Yara's Violent Unravell  Hex/Tmut       0%         3d3       100%        5
 Enfeeble                 Hex            0%         N/A       100%        7
 Orb of Destruction       Conj           0%         9d5       100%        7
 Summon Guardian Golem    Hex/Summ       Unusable   N/A       N/A         3
 Tukima's Dance           Hex            Unusable   N/A       N/A         3
 Summon Ice Beast         Ice/Summ       Unusable   N/A       N/A         4
 Summon Forest            Summ/Tloc      Unusable   N/A       N/A         5
 Summon Mana Viper        Hex/Summ       Unusable   N/A       N/A         5
 Simulacrum               Ice/Necr       Unusable   N/A       N/A         6
 Summon Cactus Giant      Summ           Unusable   N/A       N/A         6
 Spellforged Servitor     Conj/Summ      Unusable   N/A       N/A         7

Dungeon Overview and Level Annotations

Branches:
Dungeon (11/15)            Temple (1/1) D:6            Lair (0/5) D:11
    Orc (0/2) D:11         Bailey (visited)

Altars:
Ashenzari
Cheibriados
Dithmenos
Elyvilon
Fedhas
Gozag
Hepliaklqana
Kikubaaqudgha
Makhleb
Nemelex Xobeh
Okawaru
Qazlal
Ru
Sif Muna
Trog
Uskayaw
Vehumet
Wu Jian
Xom
Yredelemnul
Zin
The Shining One

Shops:
D:5 *   D:8 !!!**:   D:9 *

Annotations:
D:11 2 transporters, Vehidd's ghost, journeyman DsEE


Innate Abilities, Weirdness & Mutations

You are something dangerously unstable.
You glow with magical radiation, making you easy to see and hit.
Foes you strike become dangerously contaminated with magical radiation.
You are incapable of wielding weapons or throwing items.
You are small and have problems with some larger weapons.
You are completely attuned to the shadows.


Message History

Okawaru accepts your kill.
You start resting.
Magic restored.
You start resting.
An orb spider comes into view.
You rampage towards the orb spider!
The orb spider's many legs skitter faintly.
You punch the orb spider!
The orb spider begins to glow.
The orb spider is lightly wounded.
You punch the orb spider!
The orb spider glows dangerously bright.
The orb spider is moderately wounded.
You feel like a meek peon again.
The orb spider pulsates with a strange energy.
You barely miss the orb spider.
The orb spider is moderately wounded.
You hit the orb spider but do no damage.
The orb spider shudders as magic cascades through it!
The orb spider twists and deforms.
The orb spider is heavily wounded.
The orb spider changes into a yak!
You completely miss the yak.
The yak is heavily wounded.
You barely miss the yak.
The yak is heavily wounded.
The yak completely misses you.
You hit the yak.
The yak begins to glow.
The yak is heavily wounded.
The yak barely misses you.
You punch the yak!
The yak glows dangerously bright.
The yak is almost dead.
The yak changes into a culicivora!
You miss the culicivora.
The culicivora is severely wounded.
The culicivora bites you!
* * * LOW HITPOINT WARNING * * *
The culicivora draws strength from your injuries!
You hit the culicivora.
The culicivora begins to glow.
The culicivora is heavily wounded.
The culicivora bites you!
You die...

................##
.....>........#.#
.......########.### .
#......#.....#8...#
g#.#......#....)#....##
#..#......#.._..'))>..#
...C..)...#.....#.....##
...8.##s..#.....#8....#.
...o.##p).########).....
#..###...##.)[........>.
.#. #..#####)......>...
. #.".# ##.......#...
....#.###...##).##...
....#..()..##.......#
..........##>....#.##
.....................
...................


You could see a culicivora shaped shifter (contam).

Vanquished Creatures
  Erica (D:9)
  A centaur warrior (D:11)
  Amaemon (D:10)
  2 orc knights
  A deep elf zephyrmancer (Bailey)
  A cyclops (D:11)
  3 manticores (D:11)
  A gargoyle (D:11)
  An orange demon (D:10)
  A hornet (D:11)
  Grinder (D:3)
  The ghost of Ozzieoiler the Shooter, an amateur BaHs of Fedhas (D:5)
  11 yaks
  2 wyverns (D:9)
  3 wraiths
  2 shadows
  7 vampire mosquitoes
  2 acid dragons
  A water moccasin (Temple)
  12 orc warriors
  5 ice beasts
  3 sky beasts
  2 black bears
  3 centaurs
  5 kobold brigands
  5 bullfrogs
  2 scorpions
  4 wights (D:7)
  4 killer bees (D:9)
  4 howler monkeys
  7 orc priests
  A hound (D:3)
  A jelly (D:7)
  Crazy Yiuf (D:3)
  2 sleepcaps
  3 iguanas
  4 orc wizards
  6 gnolls
  6 adders
  2 ufetubi
  A worm (D:4)
  A dart slug (D:3)
  31 orcs
  7 ball pythons
  3 bats
  6 endoplasms
  A giant cockroach (D:1)
  12 goblins
  9 hobgoblins
  5 quokkas
  A frilled lizard (D:3)
  25 kobolds
  8 rats
235 creatures vanquished.

Vanquished Creatures (others)
  An orc (D:9)
  A hobgoblin (D:9)
2 creatures vanquished.

Grand Total: 237 creatures vanquished

Notes
Turn   | Place    | Note
-------+----------+-------------------------------------------
     0 | D:1      | PurpleRed the Kobold Shapeshifter began the quest for the
                  | Orb.
     0 | D:1      | Reached XP level 1. HP: 12/12 MP: 1/1
   469 | D:1      | Reached XP level 2. HP: 14/16 MP: 2/2
   726 | D:1      | Found a faded altar of an unknown god.
  1181 | D:2      | Reached XP level 3. HP: 13/21 MP: 3/3
  1707 | D:2      | Found a shimmering altar of Xom.
  1781 | D:3      | Noticed Grinder
  1781 | D:3      | Noticed a scorpion
  1817 | D:3      | Reached skill level 4 in Unarmed Combat
  1817 | D:3      | Reached XP level 4. HP: 24/26 MP: 4/4
  1833 | D:3      | Upgraded the game from 0.31-a0-841-g038b102 to
                  | 0.31-a0-842-gdad65c7
  1896 | D:3      | Found a runed translucent door.
  1899 | D:3      | Noticed Crazy Yiuf
  2052 | D:3      | Paralysed by Grinder for 4 turns
  2058 | D:3      | Paralysed by Grinder for 3 turns
  2162 | D:4      | Reached XP level 5. HP: 31/31 MP: 5/5
  2230 | D:4      | You fall into a shaft and drop 1 floor!
  2230 | D:5      | Entered Level 5 of the Dungeon
  2405 | D:5      | Identified the +0 ring mail of Ripaobe {+Inv rElec}
  2456 | D:4      | Reached XP level 6. HP: 36/37 MP: 6/6
  2777 | D:3      | Reached skill level 5 in Unarmed Combat
  3098 | D:3      | Paralysed by Grinder for 5 turns
  3118 | D:3      | Killed Grinder
  3119 | D:3      | Reached skill level 6 in Unarmed Combat
  3119 | D:3      | Reached XP level 7. HP: 13/43 MP: 7/7
  3574 | D:5      | Found Bary's Assorted Antiques.
  3579 | D:5      | Bought an encrusted iron wand for 112 gold pieces
  3838 | D:5      | Found a runed translucent door.
  3959 | D:5      | Identified the +0 leather armour of Failure {Harm}
  3959 | D:5      | Found the +6 Majin-Bo {spellvamp, MP+6 Int+6}
  4035 | D:5      | Noticed Ozzieoiler's ghost (amateur BaHs)
  4228 | D:6      | Reached skill level 7 in Unarmed Combat
  4228 | D:6      | Reached XP level 8. HP: 38/48 MP: 8/8
  4287 | D:6      | Reached skill level 5 in Fighting
  4773 | D:6      | Found a staircase to the Ecumenical Temple.
  4781 | Temple   | Entered the Ecumenical Temple
  4808 | Temple   | Became a worshipper of Warmaster Okawaru
  4846 | Temple   | Reached skill level 8 in Unarmed Combat
  4846 | Temple   | Reached skill level 5 in Shapeshifting
  5052 | D:6      | Found a blossoming altar of Fedhas.
  5058 | D:6      | Found an opulent altar of Gozag.
  5312 | D:7      | Reached XP level 9. HP: 55/55 MP: 9/9
  5484 | D:7      | Reached * piety under Okawaru
  5614 | D:7      | Reached skill level 9 in Unarmed Combat
  5821 | D:7      | Identified the +5 mace "Enguoliplo" {heavy, rElec rF-
                  | Dex+2}
  6339 | D:8      | Reached skill level 1 in Invocations
  6619 | D:8      | Found Widdo's Assorted Antiques.
  6625 | D:8      | Bought a pair of runed boots for 195 gold pieces
  6672 | D:8      | Found a white marble altar of Elyvilon.
  6697 | D:8      | Found Wiyrayna's Assorted Antiques.
  6700 | D:8      | Found Weyciamm's Distillery.
  6705 | D:8      | Bought a potion of heal wounds for 65 gold pieces
  6749 | D:8      | Found Joud's Distillery.
  6753 | D:8      | Bought a potion of degeneration for 12 gold pieces
  6978 | D:8      | Found an ancient bone altar of Kikubaaqudgha.
  7005 | D:8      | Reached ** piety under Okawaru
  7018 | D:8      | Found Kehoi's Book Boutique.
  7428 | D:8      | Reached XP level 10. HP: 63/63 MP: 11/11
  7650 | D:8      | Found Yni Ceips's Distillery.
  7656 | D:8      | Bought a potion of heal wounds for 60 gold pieces
  7896 | D:9      | Reached skill level 10 in Unarmed Combat
  7950 | D:9      | Found Cuucol's Fire Supplies.
  8164 | D:9      | Reached *** piety under Okawaru
  8269 | D:9      | Reached skill level 5 in Invocations
  8338 | D:9      | Found a flagged portal.
  8432 | Bailey   | Entered a bailey
  8476 | Bailey   | Reached XP level 11. HP: 66/71 MP: 14/14
  8615 | Bailey   | Found a large runed translucent door.
  8620 | Bailey   | Found a large runed translucent door.
  8620 | Bailey   | Noticed a deep elf zephyrmancer
  8675 | Bailey   | Noticed an orc knight
  8751 | Bailey   | Killed an orc knight
  8751 | Bailey   | Reached **** piety under Okawaru
  8752 | Bailey   | Reached skill level 11 in Unarmed Combat
  8822 | Bailey   | Killed a deep elf zephyrmancer
  8843 | Bailey   | Identified the ring "Ridosomm" {rPois rF+ Int+6 Dex+2
                  | Slay-6}
  9559 | D:9      | Noticed Erica
  9567 | D:9      | Killed Erica
 10010 | D:10     | Entered Level 10 of the Dungeon
 10167 | D:8      | Bought a scorched ring mail for 234 gold pieces
 10167 | D:8      | Identified the +5 ring mail "Umyd" {rElec rPois Dex-2} (You
                  | bought it in a shop on level 8 of the Dungeon)
 10633 | D:10     | Reached skill level 10 in Fighting
 10755 | D:10     | Noticed Amaemon
 10764 | D:10     | Killed Amaemon
 10764 | D:10     | Reached ***** piety under Okawaru
 10769 | D:10     | Received a gift from Okawaru
 11001 | D:11     | Noticed a manticore
 11116 | D:11     | Found a staircase to the Lair.
 11121 | D:11     | Found a staircase to the Orcish Mines.
 11177 | D:11     | Reached skill level 12 in Unarmed Combat
 11177 | D:11     | Reached XP level 12. HP: 19/77 MP: 15/17
 11294 | D:11     | Found a transporter.
 11295 | D:11     | Found a transporter.
 11296 | D:11     | Noticed Vehidd's ghost (journeyman DsEE)
 11296 | D:11     | Found the +13 scythe of Curses {drain, curses, Drain}
 11597 | D:3      | Killed Crazy Yiuf
 11714 | D:5      | Killed Ozzieoiler's ghost
 11830 | D:8      | Bought a potion of heal wounds for 65 gold pieces
 11985 | D:11     | Reached skill level 5 in Dodging
 11990 | D:11     | Noticed a centaur warrior
 11999 | D:11     | Killed a centaur warrior
 12026 | D:11     | Noticed an orb spider
 12030 | D:11     | an orb spider changed into a yak
 12036 | D:11     | Slain by a culicivora (glowing shapeshifter)

Illustrated notes

Levels and vault maps discovered:
D:1:      minmay_arrival_shattered_statue, layout_loops_corners,
          basic_ecumenical_altar, fountainhead, hex_medium,
          minmay_misc_feat_pillars, minmay_statues_item
D:2:      cheibrodos_greedy_goblins, layout_rooms, basic_altar
D:3:      layout_rooms, hex_intersection, uniq_crazy_yiuf_cottage, uniq_grinder
D:4:      layout_gridville
D:5:      layout_basic, serial_shops, nicolae_shop_gibbet_a_chance,
          ebering_ghost_sewer_d, serial_glass, glass_columns_a, glass_columns_b,
          glass_columns_a, glass_columns_c, glass_columns_c, glass_columns_a
D:6:      layout_cave_pools, grunt_temple_overflow_open,
          minmay_temple_entry_stoned_glass
D:7:      layout_rooms, serial_curves, eino_curves_03, eino_curves_04,
          eino_curves_04, eino_curves_04, nicolae_houndstooth_variations
D:8:      layout_cave_pools, mainiacjoe_overflow_catch_the_wave, serial_shops,
          nicolae_shop_pleasant_corner_grove, nicolae_stop_n_shop_2,
          nicolae_shop_just_a_little_nook, shop, nicolae_wooded_promenade,
          st_stairs_13, amethyst_killhole
D:9:      layout_stronghold, enter_bailey_4, nicolae_shop_fire_sale
          [nicolae_sub_dead_trees], st_stairs_7, minmay_misc_feat_square,
          hangedman_decor_growths, uniq_erica
D:10:     layout_roguey, palyth_stone_intersect, uniq_amaemon
D:11:     minmay_complete_graph, layout_cave_pools, lair_entry_dummy,
          minmay_orc_entry_temple_small, gammafunk_ghost_hive,
          hangedman_misty_isle
Temple:   eino_narrow_crystal_temple

Skill      XL: |  1  2  3  4  5  6  7  8  9 10 11 12 |
---------------+-------------------------------------+-----
Fighting       | 2 3 4 6 7 9 10 | 10.7
Unarmed Combat | 4 6 7 8 9 10 12 | 12.7
Shapeshifting  | 4 5 6 7 8 |  8.0
Invocations    | 2 5 6 7 |  7.0
Dodging        | 4 5 |  5.9

Action                     |  1- 3 |  4- 6 |  7- 9 | 10-12 || total
---------------------------+-------+-------+-------+-------++-------
  Melee: Unarmed           |    89 |   114 |   288 |   474 ||   965
         Punch             |     3 |     4 |    15 |     4 ||    26
  Throw: Dart              |       |       |     4 |    27 ||    31
 Invoke: Heroism           |       |       |       |     7 ||     7
Ability: Begin Untransform |     2 |       |     3 |     2 ||     7
  Evoke: Wand              |       |     2 |       |       ||     2
    Use: Scroll            |       |     5 |    14 |     3 ||    22
         Potion            |       |     1 |     2 |     1 ||     4
   Stab: Sleeping          |     8 |     5 |     3 |       ||    16
         Distracted        |       |       |     2 |       ||     2
 Armour: Animal skin       |    33 |       |       |       ||    33
         Leather armour    |     1 |    18 |    61 |    89 ||   169
         Ring mail         |       |    30 |    57 |   173 ||   260
  Dodge: Dodged            |    58 |    55 |   175 |   294 ||   582
  Block: Other             |       |     5 |    55 |    61 ||   121
         Reflection        |       |       |       |     1 ||     1
   Form: Flux              |     1 |       |     1 |     2 ||     4
         Beast             |     1 |       |     2 |       ||     3

Table legend: (Time is in decaauts)
 A = Elapsed time spent in this place.
 B = Non-inter-level travel time spent in this place.
 C = Inter-level travel time spent in this place.
 D = Time resting spent in this place.
 E = Time spent auto-exploring this place.
 F = Levels seen in this place.
 G = Mean time per level.
                   A        B        C        D        E       F      G
               +--------+--------+--------+--------+--------+-----+--------+
         Total |  11899 |  10928 |    971 |    816 |   6786 |  13 |  915.3 |
       Dungeon |  11341 |  10382 |    959 |    714 |   6763 |  11 | 1031.0 |
        Temple |    112 |    100 |     12 |     65 |      0 |   1 |  112.0 |
        Bailey |    446 |    446 |      0 |     37 |     23 |   1 |  446.0 |
               +--------+--------+--------+--------+--------+-----+--------+

Top non-repeatable levels by time:
     D:9: 1761 daAuts
     D:8: 1437 daAuts
     D:7: 1305 daAuts
     D:5: 1132 daAuts
     D:1: 1100 daAuts
     D:6: 1074 daAuts
     D:3: 1065 daAuts
    D:10: 971 daAuts
     D:2: 703 daAuts
  Bailey: 446 daAuts
     D:4: 407 daAuts
    D:11: 382 daAuts
  Temple: 112 daAuts
